Match 45276092
Unlisted

Match 45276092
End
Panzergrenadier Squad
Selects Battlefield Espionage Battlegroup
250 Light Carrier
Panzergrenadier Squad
Construct Light Support Kompanie
Panzergrenadier Squad
2.5-tonne Medical Truck
Fire Support Elements
Veteran Squad Leaders
Combat Half-tracks
Selects Intel Disruption Beacon
Pak 38 Mechanized Group
Selects 250/3 Funkpanzerwagen
Selects Plunder
Construct Panzerarmee Kommand
Walking Stuka Rocket Launcher
Armored Reserves
Selects Firestorm
Selects 250/3 Funkpanzerwagen
Selects Anti-Tank Incendiary Munitions
Emergency Repair Kits
Tiger Heavy Tank
Vehicle Survival Package
Advanced Optics
MOJO
nre_nuker
Lil Pijon
̶H̶e̶c̶t̶o̶r̶
.
Commander Z
一杆大长枪的爹
naru
0
0

Comments sign in to comment!

No comments posted yet!